 Dungeon Crawl Stone Soup version 0.29.0-13-gc9e81de378 (webtiles) character file.

Game seed: 2965414401019030126

127434 Pooter the Severer (level 16, 0/167 HPs)
             Began as a Minotaur Monk on Sept 9, 2022.
             Was an Elder of Fedhas.
             Slain by a black mamba (13 damage)
             ... on level 2 of the Snake Pit on Sept 10, 2022.
             The game lasted 03:53:15 (31743 turns).

Pooter the Severer (Minotaur Monk)                 Turns: 31743, Time: 03:53:15

Health: 0/167      AC: 19    Str: 30    XL:     16   Next: 46%
Magic:  32/32      EV: 13    Int: 10    God:    Fedhas [****..]
Gold:   753        SH:  2    Dex: 13    Spells: 24/24 levels left

rFire   + . .      SeeInvis .   a - +2 battleaxe
rCold   + + .      Faith    .   (shield currently unavailable)
rNeg    . . .      Spirit   .   A - +4 chain mail {rPois}
rPois   +          Reflect  .   H - +2 hat {Int+3}
rElec   .          Harm     .   U - scarf {rC+ rF+}
rCorr   .          Rampage  .   (no gloves)
Will    +....      Rage     3%  q - +0 pair of boots of Qitima {Slay+5}
Stlth   ..........              P - amulet of regeneration
HPRegen 1.17/turn               l - ring of the Octopus King {HP+2 MP+9 AC+2 EV+2 SH+2}
MPRegen 0.23/turn               m - +6 ring of strength

@: lethally poisoned (0 -> 0)
A: horns 2, retaliatory headbutt, hooves 1, berserk 1, cold resistance 1, robust
1
a: Renounce Religion, Wall of Briars, Grow Ballistomycete, Overgrow


You were on level 2 of the Snake Pit.
You worshipped Fedhas.
Fedhas was greatly pleased with you.
You visited 4 branches of the dungeon, and saw 24 of its levels.
You visited 1 bazaar.
You also visited: Gauntlet and Ice Cave.

You collected 3197 gold pieces.
You spent 2444 gold pieces at shops.

Inventory:

Hand Weapons
 a - a +2 battleaxe (weapon)
   (You took it off a vault guard on level 14 of the Dungeon)
 b - a +1 arbalest of freezing
   (You found it on level 5 of the Lair of Beasts)
 e - the +10 demon whip of Circular Logic {chaos, rElec rF+ Dex-4 SInv}
   (You subdued it on level 5 of the Lair of Beasts)

   Each time it hits an enemy it has a different, random effect.
   Dex:       It affects your dexterity (-4).
   rF:        It protects you from fire.
   rElec:     It insulates you from electricity.
   SInv:      It lets you see invisible.
 u - the +1 morningstar of Codul {spect, Will+}
   (You bought it in a shop on level 2 of the Snake Pit)

   When its wielder attacks, the weapon's spirit leaps out and strikes again.
   The spirit shares a part of any damage it takes with its wielder.
   Will:      It increases your willpower.
 R - a +0 bardiche
   (You found it on level 4 of the Lair of Beasts)
Missiles
 p - 10 javelins
 F - 19 boomerangs (quivered)
 I - 4 curare-tipped darts
Armour
 j - a +0 pair of boots of flying
   (You found it on level 5 of the Lair of Beasts)
 q - the +0 pair of boots of Qitima (worn) {Slay+5}
   (You found it on level 3 of the Lair of Beasts)

   Slay:      It affects your accuracy & damage with ranged weapons and melee
   (+5).
 A - a +4 chain mail of poison resistance (worn)
   (You bought it in a shop on level 2 of the Orcish Mines)
 E - an orb of light
   (You found it on level 6 of the Dungeon)
 G - a scarf of invisibility
   (You found it on level 14 of the Dungeon)
 H - a +2 hat of intelligence (worn)
   (You found it on level 9 of the Dungeon)
 J - a +7 plate armour
   (You found it on level 7 of the Dungeon)
 U - a scarf of resistance (worn)
   (You found it on level 12 of the Dungeon)
Jewellery
 l - a ring of the Octopus King (left hand) {HP+2 MP+9 AC+2 EV+2 SH+2}
   (You found it in a Gauntlet)

   [ring of magical power]

   AC:        It affects your AC (+2).
   EV:        It affects your evasion (+2).
   HP:        It affects your health (+2).
   MP:        It affects your magic capacity (+9).
   SH:        It affects your SH (+2).
 m - a +6 ring of strength (right hand)
   (You found it on level 2 of the Dungeon)
 v - an amulet of the acrobat
   (You took it off a goblin on level 4 of the Dungeon)
 C - a ring of resist corrosion
   (You found it on level 1 of the Lair of Beasts)
 P - an amulet of regeneration (around neck)
   (You bought it in a shop on level 5 of the Dungeon)
 S - a ring of ice
   (You took it off Fannar on level 10 of the Dungeon)
 W - a ring of fire
   (You found it in an ice cave)
Wands
 d - a wand of iceblast (27)
   (You found it on level 5 of the Dungeon)
 f - a wand of flame (39)
   (You found it on level 8 of the Dungeon)
 w - a wand of mindburst (11)
   (You found it in an ice cave)
 D - a wand of digging (19)
   (You took it off an orc warrior on level 8 of the Dungeon)
 V - a wand of light (15)
   (You found it on level 1 of the Lair of Beasts)
 X - a wand of polymorph (10)
   (You found it on level 2 of the Lair of Beasts)
 Y - a wand of charming (8)
   (You took it off Psyche on level 12 of the Dungeon)
Scrolls
 k - 2 scrolls of blinking
 n - 4 scrolls of magic mapping
 o - 4 scrolls of poison {!r}
 r - 2 scrolls of immolation {!r}
 t - 7 scrolls of teleportation {@r4}
 y - a scroll of fear
 N - a scroll of summoning
 O - 3 scrolls of silence
Potions
 c - 3 potions of ambrosia
 g - 16 potions of curing {@q1}
 h - a potion of resistance
 s - 3 potions of heal wounds {@q2}
 x - 3 potions of attraction {!q}
 z - 5 potions of cancellation
 B - 3 potions of might
 K - 3 potions of flight
 L - 2 potions of magic
 M - 3 potions of haste {@q3}
 Q - 2 potions of berserk rage
 T - a potion of invisibility
Miscellaneous
 i - a condenser vane
   (You bought it in a shop in a bazaar)
 Z - a phantom mirror
   (You found it on level 5 of the Lair of Beasts)


   Skills:
 + Level 15.6 Fighting
 * Level 18.4(18.6) Axes
 - Level 4.9(13.0) Maces & Flails
 * Level 14.3 Ranged Weapons
 - Level 4.1 Throwing
 + Level 6.2 Armour
 - Level 6.5 Dodging
 - Level 1.6 Stealth
 - Level 4.7 Spellcasting
 + Level 11.9 Invocations
 - Level 8.6 Evocations


You had 24 spell levels left.
You didn't know any spells.
Your spell library contained the following spells:

 Spells                   Type           Power      Damage    Failure   Level
 Freeze                   Ice            8%         1d3       71%         1
 Magic Dart               Conj           8%         1d3       71%         1
 Sandblast                Erth           4%         2d4       71%         1
 Summon Small Mammal      Summ           8%         N/A       71%         1
 Blink                    Tloc           4%         N/A       85%         2
 Call Imp                 Summ           2%         N/A       85%         2
 Passwall                 Tmut/Erth      1%         N/A       85%         2
 Sublimation of Blood     Necr           2%         N/A       85%         2
 Wereblood                Tmut           2%         N/A       85%         2
 Call Canine Familiar     Summ           2%         N/A       97%         3
 Frozen Ramparts          Ice            4%         1d1       97%         3
 Gell's Gravitas          Tloc           2%         N/A       97%         3
 Lesser Beckoning         Tloc           2%         N/A       97%         3
 Mephitic Cloud           Conj/Pois/Air  2%         N/A       97%         3
 Portal Projectile        Hex/Tloc       4%         N/A       97%         3
 Stone Arrow              Conj/Erth      4%         3d7       97%         3
 Summon Guardian Golem    Hex/Summ       2%         N/A       97%         3
 Teleport Other           Tloc           2%         N/A       97%         3
 Anguish                  Hex/Necr       1%         N/A       100%        4
 Cause Fear               Hex            1%         N/A       100%        4
 Hailstorm                Conj/Ice       2%         3d3       100%        4
 Ice Form                 Ice/Tmut       2%         N/A       100%        4
 Leda's Liquefaction      Hex/Erth       1%         N/A       100%        4
 Manifold Assault         Tloc           2%         N/A       100%        5
 Conjure Ball Lightning   Conj/Air       1%         3x3d6     100%        6
 Dispersal                Tloc           1%         N/A       100%        6
 Simulacrum               Ice/Necr       1%         N/A       100%        6
 Dragon Form              Tmut           1%         N/A       100%        7
 Enfeeble                 Hex            1%         N/A       100%        7
 Summon Hydra             Summ           1%         N/A       100%        7
 Discord                  Hex            1%         N/A       100%        8
 Disjunction              Tloc           1%         N/A       100%        8
 Dragon's Call            Summ           1%         N/A       100%        9


Dungeon Overview and Level Annotations

Branches:
Dungeon (15/15)            Temple (0/1) D:4            Lair (5/5) D:8
  Swamp (0/4) Lair:2        Snake (2/4) Lair:2        Slime (0/5) Lair:4
    Orc (2/2) D:10            Elf (0/3) Orc:2        Vaults (0/5) D:14
 Depths (0/4) D:15          IceCv (visited)         Gauntlet (visited)

Altars:
Elyvilon
Fedhas
Kikubaaqudgha
Makhleb
Nemelex Xobeh
Sif Muna
Wu Jian
Xom
Yredelemnul

Shops:
D:5 =   Orc:2 :**[?   Snake:1 *   Snake:2 *

Annotations:
D:5 1 runed translucent door, Crazy Yiuf


Innate Abilities, Weirdness & Mutations

You have a pair of horns on your head.
You reflexively headbutt those who attack you in melee.
You have large cloven feet.
You sometimes lose your temper in combat.
Your flesh is cold resistant. (rC+)
You are robust. (+10% HP)


Message History

You kill the naga mage!
Fedhas appreciates your contribution to the ecosystem.
You hit the naga sharpshooter. You slash the naga warrior!
You feel sick.
The naga warrior hits you with a +0 vorpal glaive!!
* * * LOW HITPOINT WARNING * * *
* * * LOW HITPOINT WARNING * * *
The naga warrior grabs you. The naga warrior constricts you.
* * * LOW HITPOINT WARNING * * *
A black mamba comes into view.
The naga sharpshooter gestures wildly while chanting.
The naga sharpshooter magically shoots a bolt.
The bolt hits you!
* * * LOW HITPOINT WARNING * * *
You cut the naga sharpshooter into ribbons!!!
Your headbutt misses the naga sharpshooter.
You hit the naga warrior but do no damage.
You barely miss the naga.
You feel sick. The naga warrior spits poison at you.
The splash of poison hits you but does no damage.
You resist. The naga warrior constricts you.
* * * LOW HITPOINT WARNING * * *
The naga sharpshooter spits poison at you.
The splash of poison hits you. You resist.
* * * LOW HITPOINT WARNING * * *
The naga barely misses you.
You hit the naga sharpshooter but do no damage.
You headbutt the naga sharpshooter!
You kill the naga sharpshooter!
Fedhas appreciates your contribution to the ecosystem.
You hit the naga warrior but do no damage.
You slice the naga!!
You feel sick. The naga warrior misses you. You furiously retaliate!
You headbutt the naga warrior! The naga warrior constricts you.
Unknown command.
You hit the naga warrior but do no damage.
You headbutt the naga warrior. You completely miss the naga.
You feel sick. You block the naga's attack.
You slice the naga warrior!! You slash the naga!
You kill the naga!
Fedhas appreciates your contribution to the ecosystem.
You feel sick. The naga warrior misses you. You furiously retaliate!
You headbutt the naga warrior. The naga warrior constricts you.
The black mamba bites you!
* * * LOW HITPOINT WARNING * * *
You slice the naga warrior!!
You kill the naga warrior!
Fedhas appreciates your contribution to the ecosystem.
You slash the black mamba!
You feel sick. The black mamba bites you!
You die...
Fedhas appreciates your contribution to the ecosystem.

... ... ..#.. ..... .
... .. ...## ... #.##.#
.... ###### #.#.^. .....
.....####.##..####).....
...........##..)@S).....
.....##....###†))#......
...####..........# .....
#### #..........# #.##
##8.....#### .. #.....##
# #<.#### #..# #∩.#


You could see a black mamba.

Vanquished Creatures
  An orc warlord (D:10)
  The ghost of avis the Warrior, a journeyman HOMo of Beogh (Lair:5)
  A minotaur (Gauntlet)
  The ghost of ystael the Cleaver, a journeyman MiFi of the Shining One (D:12)
  Snorg (D:12)
  An ettin (Orc:1)
  Fannar (D:10)
  A rakshasa (D:15)
  5 vault guards
  5 hydras
  4 anacondas
  5 centaur warriors
  2 boulder beetles
  2 ironbound frosthearts (IceCv)
  3 catoblepae
  3 two-headed ogres
  2 dancing weapons
  4 naga warriors
  A death scarab (Gauntlet)
  3 tengu warriors
  6 naga sharpshooters
  11 death yaks
  6 orc high priests
  2 shock serpents (Snake:1)
  A fire crab (Lair:4)
  Amaemon (Lair:2)
  A sixfirhy (D:15)
  A wizard (D:15)
  3 lindwurms
  2 naga ritualists
  A deep elf zephyrmancer (D:15)
  3 deep elf pyromancers
  7 orc knights
  4 mana vipers
  A necromancer (D:15)
  2 wolf spider zombies (D:15)
  An ugly thing (D:12)
  4 salamanders
  A wolf spider (D:15)
  3 cyclopes (D:12)
  3 manticores
  7 orc sorcerers
  7 elephants
  2 rust devils (D:15)
  Joseph (D:10)
  20 black mambas
  A guardian serpent (Snake:2)
  5 naga magi
  An orange demon (Lair:2)
  A smoke demon (D:15)
  9 cane toads
  3 torpor snails
  2 ice statues
  A kobold demonologist (D:10)
  An unseen horror (D:12)
  2 rime drakes
  A gargoyle (D:11)
  Psyche (D:12)
  An efreet (D:14)
  2 unseen horror zombies (D:9)
  7 komodo dragons
  A redback zombie (D:15)
  3 yaktaurs (D:15)
  2 ice devils (D:15)
  A hellwing (D:15)
  2 red devils (D:15)
  4 trolls
  A hornet (D:10)
  A wolf spider simulacrum (Gauntlet)
  12 polar bears
  9 slime creatures
  7 dream sheep (Lair:4)
  5 blink frogs
  2 centaur simulacra (Gauntlet)
  2 vampires
  2 shadows (Gauntlet)
  4 wraiths
  A ynoxinul (D:15)
  8 wyverns
  A spectral komodo dragon (Gauntlet)
  49 yaks
  3 basilisks
  A steam dragon (D:8)
  2 neqoxecs (D:15)
  11 vampire mosquitoes
  8 wargs
  2 acid dragons
  11 nagas
  6 swamp worms
  12 water moccasins
  Duvessa (D:7)
  39 orc warriors
  A black bear (D:6)
  A meliai simulacrum (Gauntlet)
  6 ogres
  26 wolves
  6 centaurs (D:14)
  2 kobold brigands
  5 bullfrogs
  3 necrophages (D:9)
  A gnoll sergeant (D:9)
  2 scorpions
  A hornet simulacrum (Gauntlet)
  A wight (D:9)
  A water moccasin skeleton (D:5)
  4 killer bees (D:9)
  2 vampire bats (D:6)
  2 electric eels
  2 centaur zombies
  2 jellies (D:6)
  A human zombie (D:9)
  2 hounds
  34 orc priests
  An iguana (D:4)
  18 orc wizards
  A scorpion zombie (D:5)
  2 killer bee zombies
  A mummy (D:9)
  2 howler monkey zombies (D:9)
  6 gnolls
  4 adders
  An ufetubus (D:6)
  2 worms (D:2)
  A dart slug (D:4)
  103 orcs
  5 ball pythons
  7 endoplasms
  2 giant cockroaches (D:1)
  7 goblins
  5 hobgoblins
  5 jackals
  9 bats
  21 kobolds
  3 rats
  A butterfly (Lair:5)
711 creatures vanquished.

Vanquished Creatures (collateral kills)
  A hydra (D:12)
  A naga sharpshooter (Snake:1)
  A shock serpent (Snake:1)
  A lindwurm (Lair:1)
  2 orc knights (Orc:2)
  A black mamba (Snake:1)
  A rime drake (Lair:5)
  A yaktaur (D:15)
  A troll (D:10)
  3 blink frogs
  2 polar bears (IceCv)
  A slime creature (D:8)
  A dream sheep (Lair:4)
  5 yaks
  3 vampire mosquitoes (D:13)
  4 water moccasins
  3 orc warriors (Orc:2)
  An ogre (D:10)
  4 wolves
  4 centaurs (D:14)
  3 bullfrogs
  2 kobold brigands
  A scorpion (D:5)
  Dowan (D:7)
  A vampire bat (D:6)
  A howler monkey (D:12)
  2 hounds
  2 jellies
  5 orc priests (Orc:2)
  An iguana (D:6)
  6 orc wizards
  A gnoll (D:9)
  A shadow imp (D:7)
  10 orcs
  2 bats (D:6)
  A goblin (D:10)
  3 kobolds (D:9)
  28 ballistomycete spores
112 creatures vanquished.

Vanquished Creatures (others)
  A vault guard (D:14)
  A naga mage (D:15)
  An electric eel (D:8)
  An orc (Orc:1)
  A ballistomycete spore (D:7)
  2 demonic plants (D:15)
  21 fungi
  52 plants
  A withered plant (D:5)
81 creatures vanquished.

Grand Total: 904 creatures vanquished

Notes
Turn   | Place    | Note
-------+----------+-------------------------------------------
     0 | D:1      | Pooter the Minotaur Monk began the quest for the Orb.
     0 | D:1      | Reached XP level 1. HP: 19/19 MP: 0/0
   107 | D:1      | Found a faded altar of an unknown god.
   113 | D:1      | Prayed at the altar of an unknown god.
   113 | D:1      | Became a worshipper of Fedhas Madash
   113 | D:1      | Reached * piety under Fedhas
   113 | D:1      | Reached ** piety under Fedhas
   170 | D:1      | Reached XP level 2. HP: 27/27 MP: 1/1
   456 | D:1      | Reached *** piety under Fedhas
  1033 | D:2      | Reached XP level 3. HP: 33/33 MP: 2/2
  1080 | D:2      | Reached skill level 4 in Axes
  1162 | D:2      | Reached skill level 1 in Invocations
  1665 | D:3      | Identified the +5 whip of Plunder {protect, rC+}
  1976 | D:4      | Noticed a scorpion
  1979 | D:4      | Killed a scorpion
  1980 | D:4      | Reached skill level 5 in Fighting
  1980 | D:4      | Reached XP level 4. HP: 42/42 MP: 2/4
  2193 | D:4      | Reached XP level 5. HP: 17/48 MP: 5/5
  2448 | D:4      | Found a staircase to the Ecumenical Temple.
  2821 | D:4      | Found an ornate altar of the Wu Jian Council.
  2985 | D:4      | Found a burning altar of Makhleb.
  2997 | D:4      | Identified the +4 whip of Abuse {drain, Int+4}
  3233 | D:5      | Entered Level 5 of the Dungeon
  3258 | D:5      | Noticed a water moccasin
  3263 | D:5      | Killed a water moccasin
  3264 | D:5      | Reached skill level 1 in Maces & Flails
  3340 | D:5      | Reached skill level 1 in Evocations
  3340 | D:5      | Reached XP level 6. HP: 55/57 MP: 6/6
  3375 | D:5      | Identified the +8 dagger of the Enchanted Forest
                  | {antimagic, rC+ rN+ Will+}
  3496 | D:5      | Found a sparkling altar of Nemelex Xobeh.
  3511 | D:5      | Reached skill level 1 in Spellcasting
  3539 | D:5      | Found Cenn's Jewellery Boutique.
  3557 | D:5      | Found a white marble altar of Elyvilon.
  3671 | D:5      | Reached XP level 7. HP: 64/64 MP: 8/8
  4236 | D:5      | Found a runed translucent door.
  4237 | D:5      | Noticed Crazy Yiuf
  4677 | D:6      | Found a shimmering blue altar of Sif Muna.
  5400 | D:6      | Reached XP level 8. HP: 66/73 MP: 5/10
  6162 | D:7      | Noticed Duvessa
  6177 | D:7      | Noticed Dowan
  6185 | D:7      | Killed Duvessa
  6197 | D:7      | Killed Dowan
  6307 | D:7      | Found an ancient bone altar of Kikubaaqudgha.
  7078 | D:7      | Reached XP level 9. HP: 68/83 MP: 12/12
  7235 | D:8      | Reached skill level 5 in Axes
  7288 | D:8      | Noticed a komodo dragon
  7308 | D:8      | Killed a komodo dragon
  8344 | D:8      | Found a staircase to the Lair.
  8444 | D:8      | Found a shimmering altar of Xom.
  8445 | D:8      | Found a shimmering altar of Xom.
  8447 | D:8      | Found a shimmering altar of Xom.
  8448 | D:8      | Found a shimmering altar of Xom.
  8581 | D:8      | Reached skill level 6 in Axes
  8581 | D:8      | Reached skill level 5 in Invocations
  8831 | D:9      | Noticed a troll
  8855 | D:8      | Reached skill level 7 in Axes
  9262 | Lair:1   | Entered Level 1 of the Lair of Beasts
  9324 | Lair:1   | Noticed a black mamba
  9334 | Lair:1   | Killed a black mamba
  9335 | Lair:1   | Reached skill level 10 in Fighting
  9335 | Lair:1   | Reached XP level 10. HP: 63/93 MP: 11/14
  9564 | Lair:1   | Noticed an elephant
  9569 | Lair:1   | Noticed an elephant
  9597 | D:8      | Reached skill level 5 in Evocations
  9603 | D:8      | Reached skill level 8 in Axes
 10472 | D:5      | Bought an amulet of regeneration for 360 gold pieces
 10829 | D:9      | Found a basalt altar of Yredelemnul.
 10877 | D:9      | Reached skill level 9 in Axes
 10931 | D:10     | Entered Level 10 of the Dungeon
 10967 | D:10     | Noticed a tengu warrior
 10967 | D:10     | Noticed a tengu warrior
 10978 | D:10     | Killed a tengu warrior
 10979 | D:10     | Killed a tengu warrior
 11038 | D:10     | Paralysed by a hornet for 1 turns
 11043 | D:10     | Paralysed by a hornet for 3 turns
 11047 | D:10     | Reached XP level 11. HP: 34/101 MP: 16/16
 11219 | D:10     | Noticed a soul eater
 11229 | D:10     | Noticed a sun demon
 11230 | D:10     | Reached skill level 10 in Axes
 11394 | D:10     | Found a staircase to the Orcish Mines.
 11405 | Orc:1    | Entered Level 1 of the Orcish Mines
 11439 | Orc:1    | Noticed an orc knight
 11445 | Orc:1    | Noticed an orc sorcerer
 11508 | D:10     | Noticed Joseph
 11634 | D:10     | Killed Joseph
 12132 | D:10     | Reached skill level 1 in Ranged Weapons
 12156 | D:10     | Noticed Fannar
 12170 | D:10     | Killed Fannar
 12386 | Lair:1   | Reached skill level 11 in Axes
 12627 | Lair:1   | Noticed a lindwurm
 12687 | Lair:1   | Killed a lindwurm
 12976 | Lair:1   | Identified a scroll of acquirement
 12976 | Lair:1   | Acquired a +2 vorpal broad axe
 13219 | Lair:1   | Reached XP level 12. HP: 103/112 MP: 18/18
 13670 | Lair:2   | Found a staircase to the Swamp.
 13692 | Lair:2   | Reached skill level 12 in Axes
 13692 | Lair:2   | Reached skill level 5 in Ranged Weapons
 13873 | Lair:2   | Found a gate leading to a gauntlet.
 13883 | Gauntlet | Entered a Gauntlet
 13883 | Gauntlet | Found a transporter.
 13883 | Gauntlet | Found a transporter.
 13883 | Gauntlet | Found a transporter.
 13892 | Gauntlet | Found a transporter.
 13900 | Gauntlet | Found a transporter.
 13924 | Gauntlet | Noticed a death scarab
 13925 | Gauntlet | Found the ring of the Octopus King
 13925 | Gauntlet | Found a transporter.
 13928 | Gauntlet | Killed a death scarab
 13959 | Gauntlet | Identified a ring of the Octopus King {HP+2 MP+9 AC+2 EV+2
                  | SH+2}
 14009 | Gauntlet | Found a transporter.
 14012 | Gauntlet | Found a transporter.
 14114 | Gauntlet | Found a transporter.
 14120 | Gauntlet | Identified the +0 shortbow "Puuffus" {vorpal, rPois rF++}
 14133 | Gauntlet | Found a transporter.
 14259 | Gauntlet | Found a transporter.
 14396 | Gauntlet | Noticed a minotaur
 14407 | Gauntlet | Killed a minotaur
 14444 | Gauntlet | Identified the +1 lajatang of Laass {vorpal, Str+7}
 14474 | Lair:2   | Found a staircase to the Snake Pit.
 14541 | Lair:2   | Noticed Amaemon
 14559 | Lair:2   | Killed Amaemon
 15023 | Lair:2   | Gained mutation: You are robust. (+10% HP) [potion of
                  | mutation]
 15023 | Lair:2   | Lost mutation: You are robust. (+10% HP) [potion of
                  | mutation]
 15023 | Lair:2   | Gained mutation: You sometimes lose your temper in combat.
                  | [potion of mutation]
 15023 | Lair:2   | Gained mutation: You are partially covered in iridescent
                  | scales. (AC +2) [potion of mutation]
 15024 | Lair:2   | Lost mutation: You are partially covered in iridescent
                  | scales. (AC +2) [potion of mutation]
 15024 | Lair:2   | Lost mutation: You sometimes lose your temper in combat.
                  | [potion of mutation]
 15024 | Lair:2   | Gained mutation: You have large cloven feet. [potion of
                  | mutation]
 15024 | Lair:2   | Gained mutation: Your spells are a little harder to cast,
                  | but a little more powerful. [potion of mutation]
 15024 | Lair:2   | Gained mutation: You are clumsy. (Dex -2) [potion of
                  | mutation]
 15024 | Lair:2   | Gained mutation: You have a pair of large horns on your
                  | head. [potion of mutation]
 15025 | Lair:2   | Lost mutation: You are clumsy. (Dex -2) [potion of
                  | mutation]
 15025 | Lair:2   | Lost mutation: You have a pair of large horns on your head.
                  | [potion of mutation]
 15025 | Lair:2   | Gained mutation: Your flesh is cold resistant. (rC+)
                  | [potion of mutation]
 15025 | Lair:2   | Gained mutation: You have hidden genetic potential. [potion
                  | of mutation]
 15025 | Lair:2   | Gained mutation: You sometimes lose your temper in combat.
                  | [potion of mutation]
 15026 | Lair:2   | Lost mutation: You have hidden genetic potential. [potion
                  | of mutation]
 15026 | Lair:2   | Lost mutation: Your spells are a little harder to cast, but
                  | a little more powerful. [potion of mutation]
 15026 | Lair:2   | Gained mutation: You are robust. (+10% HP) [potion of
                  | mutation]
 15253 | Lair:3   | Reached skill level 13 in Axes
 15509 | Lair:3   | Identified the +0 pair of boots of Qitima {Slay+5}
 15646 | Lair:3   | Found a basalt altar of Yredelemnul.
 15994 | Lair:3   | Noticed a six-headed hydra
 16006 | Lair:3   | Killed an eight-headed hydra
 16321 | Lair:3   | Reached XP level 13. HP: 101/130 MP: 19/19
 17108 | Lair:4   | Reached skill level 14 in Axes
 17115 | Lair:4   | Found a staircase to the Slime Pits.
 17576 | Lair:5   | Entered Level 5 of the Lair of Beasts
 17776 | Lair:5   | Reached **** piety under Fedhas
 17984 | Lair:5   | Found a runed translucent door.
 17985 | Lair:5   | Found a shimmering altar of Xom.
 17985 | Lair:5   | Noticed avis's ghost (journeyman HOMo)
 17985 | Lair:5   | Identified the +10 demon whip of Circular Logic {chaos,
                  | rElec rF+ Dex-4 SInv}
 18001 | Lair:5   | Killed avis's ghost
 18261 | Lair:5   | Reached skill level 1 in Armour
 18284 | Lair:5   | Reached skill level 1 in Throwing
 18305 | Lair:5   | Reached skill level 10 in Ranged Weapons
 18412 | Lair:5   | Reached skill level 15 in Axes
 18412 | Lair:5   | Reached XP level 14. HP: 130/141 MP: 20/20
 18859 | D:11     | Found a flickering gateway to a bazaar.
 18866 | Bazaar   | Entered a bazaar
 18870 | Bazaar   | Found Teox's General Store.
 18891 | Bazaar   | Found Qaehok's General Store.
 18912 | Bazaar   | Found Xamouc's Book Boutique.
 18932 | Bazaar   | Found Jecs's Antique Armour Shoppe.
 18975 | Bazaar   | Bought a scroll of identify for 26 gold pieces
 18975 | Bazaar   | Bought a potion of heal wounds for 65 gold pieces
 18975 | Bazaar   | Bought a potion of flight for 39 gold pieces
 18975 | Bazaar   | Bought a potion of might for 52 gold pieces
 18975 | Bazaar   | Bought a condenser vane for 520 gold pieces
 19032 | D:11     | Found a frozen archway.
 19045 | IceCv    | Entered an ice cave
 19163 | IceCv    | Reached skill level 10 in Invocations
 21913 | D:12     | Noticed Psyche
 21916 | D:12     | Killed Psyche
 22178 | D:12     | Found a runed translucent door.
 22178 | D:12     | Found a shimmering altar of Xom.
 22178 | D:12     | Noticed ystael's ghost (journeyman MiFi)
 22192 | D:12     | Killed ystael's ghost
 22331 | D:12     | Noticed Snorg
 22340 | D:12     | Killed Snorg
 22341 | D:12     | Reached skill level 16 in Axes
 22819 | D:13     | Noticed Sonja
 22820 | D:13     | Noticed Sonja
 22820 | D:13     | Sonja changed into Sonja the wolf
 22824 | D:13     | Killed Sonja the wolf
 22984 | D:13     | Noticed Nessos
 22986 | D:13     | Noticed Nessos
 22986 | D:13     | Nessos changed into Nessos the mana viper
 22990 | D:13     | Killed Nessos the mana viper
 23641 | D:14     | Found a gate to the Vaults.
 23790 | D:14     | Reached XP level 15. HP: 152/152 MP: 21/21
 24959 | D:15     | Entered Level 15 of the Dungeon
 25764 | D:15     | Reached skill level 5 in Dodging
 26556 | D:15     | Reached skill level 17 in Axes
 26634 | D:15     | Found a staircase to the Depths.
 26995 | Orc:1    | Noticed an orc warlord
 27050 | D:10     | Killed an orc warlord
 27212 | Orc:1    | Paralysed by an orc sorcerer for 5 turns
 27333 | Orc:1    | Reached skill level 15 in Fighting
 27705 | Orc:2    | Entered Level 2 of the Orcish Mines
 28030 | Orc:2    | Reached ***** piety under Fedhas
 28484 | Orc:2    | Found a staircase to the Elven Halls.
 28511 | Orc:2    | Found Syclann's Magic Scroll Shoppe.
 28514 | Orc:2    | Bought a scroll of magic mapping for 105 gold pieces
 28514 | Orc:2    | Bought a scroll of immolation for 56 gold pieces
 28514 | Orc:2    | Bought a scroll of poison for 56 gold pieces
 30168 | Orc:2    | Found Tiufa's General Store.
 30168 | Orc:2    | Found Lok Alau's Armour Boutique.
 30169 | Orc:2    | Found Roes's Book Boutique.
 30169 | Orc:2    | Found Luud's General Store.
 30392 | Orc:2    | Bought a +4 chain mail of poison resistance for 513 gold
                  | pieces
 30618 | Snake:1  | Entered Level 1 of the Snake Pit
 30645 | Snake:1  | Reached XP level 16. HP: 162/163 MP: 23/23
 30671 | Snake:1  | Reached skill level 5 in Armour
 30917 | Snake:1  | Reached skill level 18 in Axes
 31533 | Snake:1  | Found Dairuo's CLEARANCE SALE!.
 31693 | Snake:2  | Found Suginge's Assorted Antiques.
 31702 | Snake:2  | Bought a scroll of poison for 116 gold pieces
 31702 | Snake:2  | Bought a slimy morningstar for 261 gold pieces
 31702 | Snake:2  | Identified the +1 morningstar of Codul {spect, Will+} (You
                  | bought it in a shop on level 2 of the Snake Pit)
 31702 | Snake:2  | Bought a scroll of silence for 275 gold pieces
 31743 | Snake:2  | Slain by a black mamba

Illustrated notes

Levels and vault maps discovered:
D:1:      eino_arrival_druids_welcome, layout_loops_ring,
          hellmonk_ecumenical_altar_crossroads, minivault_14
D:2:      layout_rooms
D:3:      layout_loops_cross
D:4:      layout_layer_cave, overflow_temple_1_default,
          overflow_temple_1_default, minmay_temple_entry_offerings
D:5:      layout_loops_corners, nemelex_diamond_rough_becter,
          kennysheep_mini_moat, serial_undead, serial_undead_c, serial_undead_b,
          serial_undead_d, serial_undead_e, nicolae_inconvenience_store,
          uniq_crazy_yiuf_cottage
D:6:      layout_loops_ring, nicolae_sif_muna_little_library, serial_rivers,
          chequers_serial_rivers_marsh, chequers_serial_rivers_large_b,
          chequers_serial_rivers_micro_e, chequers_serial_rivers_micro_b,
          roderic_batcave, grunt_tough_drop
D:7:      layout_basic, nicolae_kikubaaqudgha_miasma_corner, uniq_duvessa
D:8:      layout_cave_pools, xom_redecorated, david_lair_shrubbed,
          kennysheep_generic_room_9
D:9:      layout_rooms, lemuel_mausoleum_altar_yredelemnul
D:10:     layout_roguey, erik_orc_3, uniq_joseph, uniq_fannar
D:11:     layout_rooms, portal_ice_cave_entry_pillars_1, serial_shops,
          bzr_entry_water, kennysheep_decorative_pillar
D:12:     layout_stronghold, ebering_ghost_xom, uniq_psyche, uniq_snorg
D:13:     layout_irregular_city, uniq_nessos, uniq_sonja
D:14:     minmay_goldmine, layout_basic, erik_vaults_2,
          hangedman_abyss_or_decor_clamps, hangedman_decor_slide_cut,
          minivault_16
D:15:     grunt_enter_depths_magical_seal, layout_stronghold, serial_demonic,
          serial_demonic_d, serial_demonic_c, serial_demonic_f,
          serial_demonic_b, serial_demonic_c
Lair:1:   layout_hall_layers, worms_lemuel
Lair:2:   layout_chaotic_city, swamp_mist, minmay_snake_entry_guardpost_small,
          gauntlet_entry_generic, st_stairs_10, beast_lair_carwin_3,
          uniq_amaemon
Lair:3:   layout_regular_city, basic_altar
Lair:4:   nzn_winding_woodlands_large [nzn_winding_woodlands_5x5_open_star,
          nzn_winding_woodlands_5x15_default, nzn_winding_woodlands_5x5_three,
          nzn_winding_woodlands_center_triple_pond,
          nzn_winding_woodlands_15x15_eel_pit,
          nzn_winding_woodlands_center_diamonds,
          nzn_winding_woodlands_5x5_closed_star,
          nzn_winding_woodlands_5x15_garden, nzn_winding_woodlands_hourglass],
          layout_gridlike, slime_entry_1, lemuel_fruit_tree
Lair:5:   hangedman_lair_in_review, layout_long_grid, ebering_ghost_xom,
          lemuel_fruit_fields
Snake:1:  layout_rooms, special_room, nicolae_shop_clearance, grunt_megastairs_5
Snake:2:  layout_misc_corridors, serial_shops, shop_statue, minmay_shop_star,
          grunt_megastairs_4
Orc:1:    layout_caves
Orc:2:    st_orc_pillars, layout_diamond_mine, serial_shops,
          nicolae_shop_window_shopping, mines2_david

Skill      XL: |  1  2  3  4  5  6  7  8  9 10 11 12 13 14 15 16 |
---------------+-------------------------------------------------+-----
Fighting       | 4 5 6 7 9 10 11 12 13 14 15 | 15.6
Axes           | 4 7 9 11 13 15 16 17 18 | 18.4
Invocations    | 1 2 3 4 5 6 7 8 9 10 11 | 11.9
Dodging        | 4 6 |  6.5
Maces & Flails | 1 2 3 4 |  4.9
Evocations     | 1 2 3 4 5 6 7 8 |  8.6
Spellcasting   | 1 2 3 4 |  4.7
Ranged Weapons | 4 7 10 11 13 14 | 14.3
Armour         | 1 4 6 |  6.2
Throwing       | 1 4 |  4.1
Stealth        | |  1.6

Action                   |  1- 3 |  4- 6 |  7- 9 | 10-12 | 13-15 | 16-18 || total
-------------------------+-------+-------+-------+-------+-------+-------++-------
Melee: Hand axe          |    76 |       |       |       |       |       ||    76
       Headbutt          |     9 |     8 |    20 |    62 |   123 |    22 ||   244
       Whip              |       |    24 |    27 |       |       |       ||    51
       Trident           |       |    17 |   105 |    33 |       |       ||   155
       Dagger            |       |       |     6 |       |       |       ||     6
       War axe           |       |       |    40 |   115 |       |       ||   155
       Punch             |       |       |     1 |     1 |     5 |       ||     7
       Great mace        |       |       |       |    33 |       |       ||    33
       Halberd           |       |       |       |   138 |    22 |       ||   160
       Broad axe         |       |       |       |   137 |   235 |       ||   372
       Sling             |       |       |       |     1 |       |       ||     1
       Demon whip        |       |       |       |     4 |   172 |    31 ||   207
       Bardiche          |       |       |       |       |    22 |     9 ||    31
       Battleaxe         |       |       |       |       |   145 |    41 ||   186
 Fire: Sling             |       |       |       |    11 |       |       ||    11
       Shortbow          |       |       |       |    37 |    72 |       ||   109
       Arbalest          |       |       |       |       |   464 |    75 ||   539
Throw: Stone             |     5 |     9 |    17 |       |       |       ||    31
       Dart              |       |       |    27 |    62 |       |       ||    89
       Boomerang         |       |       |     6 |    25 |    39 |    30 ||   100
Invok: Wall of Briars    |       |     5 |    24 |    35 |    69 |    11 ||   144
       Grow Ballistomyce |       |       |     2 |     4 |     5 |     1 ||    12
       Overgrow          |       |       |       |       |     1 |     1 ||     2
       Grow Oklob        |       |       |       |       |     3 |       ||     3
Evoke: Wand              |     1 |     2 |    10 |     6 |    11 |     4 ||    34
       Condenser vane    |       |       |       |       |     2 |       ||     2
       Phantom mirror    |       |       |       |       |     1 |       ||     1
  Use: Scroll            |     3 |     1 |    12 |    14 |    19 |       ||    49
       Potion            |       |       |     2 |    10 |    13 |       ||    25
 Stab: Invisible         |       |       |       |       |     3 |       ||     3
       Paralysed         |       |       |       |       |     3 |       ||     3
Armor: Robe              |     1 |       |       |       |       |       ||     1
       Chain mail        |    34 |    19 |    10 |       |     5 |    32 ||   100
       Plate armour      |       |       |    53 |   245 |   325 |       ||   623
Dodge: Dodged            |    26 |    19 |    58 |   162 |   297 |    47 ||   609
Block: Other             |       |       |       |     7 |    38 |     8 ||    53
